 Dungeon Crawl Stone Soup version 0.22-a0-148-gf2798f9f4d (webtiles) character file.

1766 Chiseanne the Nimble (level 8, 0/43 HPs)
             Began as a Spriggan Fighter on Feb 7, 2018.
             Was an Initiate of Gozag.
             Killed from afar by an orc wizard (12 damage)
             ... with a puff of flame
             ... on level 7 of the Dungeon.
             The game lasted 00:18:09 (4760 turns).

Chiseanne the Nimble (Spriggan Fighter)             Turns: 4760, Time: 00:18:10

Health: 0/43       AC:  2    Str: 13    XL:     8   Next: 80%
Magic:  9/9        EV: 23    Int: 15    God:    Gozag
Gold:   507        SH:  7    Dex: 13    Spells: 7/7 levels left

rFire    . . .     SeeInvis +   a - +2 long sword
rCold    . . .     Gourm    .   c - +0 buckler
rNeg     . . .     Faith    .   b - +0 robe
rPois    .         Spirit   .   (helmet restricted)
rElec    .         Reflect  .   (no cloak)
rCorr    .         Harm     .   (gloves unavailable)
MR       +....                  (boots unavailable)
Stlth    +.........             (no amulet)
HPRegen  0.14/turn              j - +6 ring of intelligence
MPRegen  0.11/turn              (no ring)

@: gold aura, very quick
A: very small, unfitting armour, see invisible, clumsy 2, herbivore, speed 3,
slow metabolism 2
a: Potion Petition, Call Merchant, Bribe Branch, Renounce Religion


You were on level 7 of the Dungeon.
You worshipped Gozag.
Gozag was pleased with you.
You were not hungry.

You visited 1 branch of the dungeon, and saw 7 of its levels.

You collected 664 gold pieces.
You spent 110 gold pieces at shops.
You paid 47 gold pieces to Gozag.

Inventory:

Hand Weapons
 a - a +2 long sword (weapon)
 s - a +0 hunting sling
 x - a +2 dagger of venom
Missiles
 e - 72 stones (quivered)
 h - 19 poisoned needles
 m - 68 arrows
 o - 14 bolts
 p - 5 needles of confusion
 y - 22 sling bullets
Armour
 b - a +0 robe (worn)
 c - a +0 buckler (worn)
Jewellery
 j - a +6 ring of intelligence (left hand)
Wands
 d - a wand of iceblast (3)
 n - a wand of polymorph (4)
Scrolls
 w - 2 scrolls of remove curse
 z - a scroll of identify
 A - a scroll of amnesia {unknown}
 B - a scroll of fog {unknown}
Potions
 g - 2 potions of flight
 i - a potion of magic {unknown}
 k - 3 potions of heal wounds {unknown}
 l - 3 potions of cancellation {unknown}
 q - 4 potions of curing
 r - a potion of haste {unknown}
 t - a potion of resistance {unknown}
 u - a potion of berserk rage {unknown}
 v - a potion of degeneration {unknown}
Comestibles
 f - 5 rations


   Skills:
 * Level 5.3 Fighting
 * Level 4.9 Long Blades
 * Level 9.2 Dodging
 * Level 4.8 Shields


You had 7 spell levels left.
You didn't know any spells.

Dungeon Overview and Level Annotations

Branches:
Dungeon (7/15)             Temple (0/1) D:7

Altars:
Ashenzari
Elyvilon
Gozag
Kikubaaqudgha
Makhleb
Nemelex Xobeh
Xom
Yredelemnul

Shops:
D:4 *   D:6 [[%

Annotations:
D:5 Yosebu's ghost, amateur MfGl


Innate Abilities, Weirdness & Mutations

You are very small and have problems with some larger weapons.
You are too small for most types of armour.
You have supernaturally acute eyesight. (SInv)
You are a herbivore.
You cover ground extremely quickly.
You need consume almost no food.
You are very clumsy. (Dex -4)


Message History

The hound barely misses you.
You riposte.
You miss the hound. The phantom closely misses you.
You riposte.
You miss the phantom.
The phantom is almost destroyed.
You block the hound's attack.
You barely miss the phantom.
The phantom is almost destroyed.
The phantom misses you. The hound bites you.
* * * LOW HITPOINT WARNING * * *
The phantom completely misses you. The hound misses you.
You riposte.
You hit the hound.
The hound is moderately wounded.
You slash the phantom!
You destroy the phantom!
The hound misses you.
An orc comes into view.
The hound closely misses you.
The orc wizard gestures at you while chanting.
The puff of flame hits you!
You die...
Your body crumbles into a pile of gold.

####...###.....# ######## #.⌠.#
#.....# .......# #...# #####.#
##### .......# ######.#### #.#
#.... .......# #..<......# #.#
#..>. .......# #.........# #.#
#.... .......# #.........# #.#
#.... .......###<........# #.#
#....
####...>.#....$h@..####.#####....
###...............)...........
##..#....o....####.#######..
#............# #..## #.#
##.#..###.##### ##.<# #.#
#....o..#.# ##.# #.#
#####.#.....# #.# ##.# #.###.#.#
#..###..# #.# #...W #####.#...##


You could see a hound and an orc wizard.

Vanquished Creatures
  Sigmund (D:4)
  A water moccasin (D:5)
  A hornet zombie (D:5)
  An ogre (D:7)
  2 phantoms
  A centaur (D:5)
  Blork the orc (D:5)
  3 bullfrogs
  A scorpion (D:7)
  2 crimson imps (D:7)
  A quasit (D:7)
  A jelly (D:5)
  2 bullfrog skeletons (D:5)
  5 hounds
  2 iguanas
  2 orc wizards (D:6)
  5 worker ants
  A hound zombie (D:7)
  A hound skeleton (D:6)
  7 gnolls
  2 adders (D:2)
  A shadow imp (D:6)
  An adder skeleton (D:7)
  3 worms
  A leopard gecko (D:7)
  11 orcs
  6 bats
  3 giant cockroaches
  6 goblins
  7 hobgoblins
  6 jackals
  6 quokkas
  5 frilled lizards
  3 kobolds
  A leopard gecko skeleton (D:5)
  6 rats
109 creatures vanquished.

Notes
Turn   | Place    | Note
-------+----------+-------------------------------------------
     0 | D:1      | Chiseanne the Spriggan Fighter began the quest for the Orb.
     0 | D:1      | Reached XP level 1. HP: 11/11 MP: 2/2
    82 | D:1      | Reached XP level 2. HP: 14/16 MP: 3/3
   266 | D:1      | Reached XP level 3. HP: 11/19 MP: 4/4
   558 | D:2      | Found an ancient bone altar of Kikubaaqudgha.
   620 | D:2      | Reached skill level 5 in Dodging
   841 | D:2      | Found a shattered altar of Ashenzari.
   879 | D:2      | Found a shimmering altar of Xom.
   891 | D:2      | Reached XP level 4. HP: 23/23 MP: 5/5
  1041 | D:2      | Found a shimmering altar of Xom.
  1043 | D:2      | Found a shimmering altar of Xom.
  1043 | D:2      | Found a shimmering altar of Xom.
  1043 | D:2      | Found a shimmering altar of Xom.
  1163 | D:2      | Found a sparkling altar of Nemelex Xobeh.
  1468 | D:3      | Found a white marble altar of Elyvilon.
  1481 | D:3      | Found a burning altar of Makhleb.
  1615 | D:4      | Reached XP level 5. HP: 24/28 MP: 6/6
  1667 | D:4      | Found Ysungoc's Assorted Antiques.
  1680 | D:4      | Found an opulent altar of Gozag.
  1687 | D:4      | Became a worshipper of Gozag Ym Sagoz the Greedy
  1772 | D:5      | Entered Level 5 of the Dungeon
  1890 | D:5      | Reached skill level 6 in Dodging
  2075 | D:4      | Bought a scroll of identify for 58 gold pieces
  2075 | D:4      | Bought a sedimented puce potion for 26 gold pieces
  2075 | D:4      | Bought a fuming inky potion for 26 gold pieces
  2172 | D:4      | Reached XP level 6. HP: 27/32 MP: 7/7
  2337 | D:4      | Found a basalt altar of Yredelemnul.
  2338 | D:4      | Noticed Sigmund
  2341 | D:4      | Killed Sigmund
  2497 | D:5      | Reached skill level 7 in Dodging
  2497 | D:5      | Reached XP level 7. HP: 16/37 MP: 8/8
  2726 | D:5      | Noticed Blork the orc
  2745 | D:5      | Killed Blork the orc
  3194 | D:5      | Noticed Yosebu's ghost (amateur MfGl)
  3221 | D:6      | Found Kusaid's Food Boutique.
  3370 | D:6      | Found Iphaschi's Armour Shoppe.
  3378 | D:6      | Reached skill level 8 in Dodging
  3378 | D:6      | Reached XP level 8. HP: 42/42 MP: 9/9
  4189 | D:6      | Found Begre's Antique Armour Shop.
  4310 | D:7      | Found a staircase to the Ecumenical Temple.
  4323 | D:7      | Reached skill level 5 in Fighting
  4643 | D:7      | Noticed a two-headed ogre
  4661 | D:7      | Noticed a shining eye
  4661 | D:7      | a two-headed ogre changed into a shining eye
  4664 | D:7      | Gained mutation: You are clumsy. (Dex -2) [a shining eye]
  4666 | D:7      | Gained mutation: You are very clumsy. (Dex -4) [a shining eye]
  4719 | D:7      | Reached skill level 9 in Dodging
  4760 | D:7      | Killed from afar by an orc wizard

Vault maps used:
D:1:      grunt_arrival_crossed_arrows, minmay_domino_4
D:2:      xom_redecorated, kiku_gazebo_garden_becter, marbit_many_paths,
          nicolae_ashenzari_panopticon
D:3:      amethyst_overflow_temple_binary, first_ration
D:4:      grunt_gozag_statues, kennysheep_little_box, serial_shops, shop,
          uniq_grinder, uniq_sigmund
D:5:      uniq_blork_the_orc, uniq_edmund
D:6:      serial_shops, shop_fountains, nicolae_shop_crystal, shop_coins, shop
D:7:      lemuel_doored_altar, nicolae_overflow_crystal_walls,
          minmay_temple_entry_junction

Skill      XL: |  1  2  3  4  5  6  7  8 |
---------------+-------------------------+-----
Long Blades    | 2 3 4 |  4.9
Dodging        | 5 6 7 8 9 |  9.2
Fighting       | 3 4 5 |  5.3
Shields        | 3 4 |  4.8

Action                   |  1- 3 |  4- 6 |  7- 9 || total
-------------------------+-------+-------+-------++-------
Melee: Long sword        |    92 |   116 |   205 ||   413
 Fire: Hunting sling     |       |       |     3 ||     3
Evoke: Wand              |       |       |    11 ||    11
  Use: Scroll            |     2 |     6 |     2 ||    10
       Potion            |       |     1 |       ||     1
 Stab: Distracted        |       |     1 |       ||     1
       Sleeping          |       |     1 |       ||     1
  Eat: Ration            |       |     3 |       ||     3
Armor: Robe              |    10 |     5 |     8 ||    23
Dodge: Dodged            |    75 |    88 |   171 ||   334
Block: Buckler           |    33 |    37 |    68 ||   138
       Rpst.: Long sword |    28 |    32 |    47 ||   107

Table legend:
 A = Spawn XP
 B = Non-spawn XP
 C = Spawn XP percentage of total XP
 D = Spawn monster count
 E = Non-spawn monster count
 F = Spawn count percentage of total count
 G = Total turns spent on level
                    A         B        C        D         E        F      G
               +---------+---------+-------+---------+---------+-------+---------
         Total |       0 |    2524 |   0.0 |       0 |     109 |   0.0 |  4760
               +---------+---------+-------+---------+---------+-------+---------
           D:1 |       0 |      46 |   0.0 |       0 |      21 |   0.0 |   435
           D:2 |       0 |      92 |   0.0 |       0 |      18 |   0.0 |   783
           D:3 |       0 |      27 |   0.0 |       0 |      13 |   0.0 |   408
           D:4 |       0 |     398 |   0.0 |       0 |       7 |   0.0 |   558
           D:5 |       0 |     809 |   0.0 |       0 |      17 |   0.0 |  1025
           D:6 |       0 |     404 |   0.0 |       0 |      14 |   0.0 |   860
           D:7 |       0 |     748 |   0.0 |       0 |      19 |   0.0 |   691
               +---------+---------+-------+---------+---------+-------+---------
